 Dungeon Crawl Stone Soup version 0.18.1-8-gdd0e5ea (webtiles) character file.

141 georgeearnest the Ducker (level 5, -5/39 HPs)
             Began as a Demonspawn Gladiator on May 23, 2016.
             Killed from afar by Hipnos's ghost (11 damage)
             ... with a stone arrow
             ... on level 3 of the Dungeon.
             The game lasted 00:05:21 (3866 turns).

georgeearnest the Ducker (Demonspawn Gladiator)     Turns: 3866, Time: 00:05:21

Health: -5/39      AC: 11    Str: 16    XL:     5   Next: 3%
Magic:  0/5        EV:  5    Int: 10    God:
Gold:   135        SH:  0    Dex: 13    Spells: 0 memorised, 4 levels left

rFire  . . .     SeeInvis .     a - +0 war axe
rCold  . . .     Gourm    .     t - +0 plate armour
rNeg   . . .     Faith    .     (no shield)
rPois  .         Spirit   +     c - +0 helmet
rElec  .         Dismiss  .     (no cloak)
rCorr  .         Reflect  .     (no gloves)
SustAt .         Harm     .     (no boots)
MR     .....                    s - amulet of guardian spirit
Stlth  ..........               (no ring)
                                e - ring of loudness (curse)

@: drained, not resistant to hostile enchantments, extremely unstealthy
A: hooves 1, powered by pain 2, magic shield
a: no special abilities


You were on level 3 of the Dungeon.
You were not hungry.

You visited 1 branch of the dungeon, and saw 3 of its levels.

You collected 135 gold pieces.

Inventory:

Hand Weapons
 a - a +0 war axe (weapon)
Missiles
 d - 3 throwing nets (quivered)
Armour
 b - a +0 leather armour
 c - a +0 helmet (worn)
 t - a +0 plate armour (worn)
Jewellery
 e - a cursed ring of loudness (left hand)
 s - an amulet of guardian spirit (around neck)
 x - a +2 ring of protection {unknown}
Scrolls
 h - 2 scrolls of remove curse {unknown}
 k - 9 scrolls of identify {unknown}
 m - 2 scrolls of recharging {unknown}
 o - 2 scrolls of enchant weapon {unknown}
 p - a scroll of noise {unknown}
 q - a scroll of amnesia {unknown}
 u - a scroll of fog {unknown}
 w - a scroll of teleportation {unknown}
 y - a scroll of enchant armour {unknown}
Potions
 g - a potion of flight {unknown}
 i - a potion of heal wounds {unknown}
 j - a potion of berserk rage {unknown}
 l - 2 potions of invisibility {unknown}
 n - a potion of degeneration {unknown}
 v - a potion of cancellation {unknown}
 z - a potion of brilliance {unknown}
 A - a potion of haste {unknown}
Comestibles
 f - a bread ration
 r - a beef jerky
 B - a slice of pizza


   Skills:
 + Level 2.6(2.0) Fighting
 + Level 3.6(2.9) Axes
 + Level 1.7(1.1) Throwing
 + Level 1.8(1.2) Armour
 + Level 3.6(2.9) Dodging
 + Level 0.4(0.0) Stealth


You had 4 spell levels left.
You didn't know any spells.

Dungeon Overview and Level Annotations

Branches:
Dungeon (3/15)

Altars:

Annotations:
D:3 Hipnos's ghost, amateur GrEE


Innate Abilities, Weirdness & Mutations

You have large cloven feet.
You sometimes gain power by taking damage.
When hurt, damage is shared between your health and your magic reserves.


Message History

Things that are here:
an uncursed blowgun; 14 poisoned needles You feel sick.
You see here a poisoned needle.
You start resting.
You feel sick. x14
You are no longer poisoned.
You start resting.
You start resting.
Hipnos's ghost (amateur Gargoyle Earth Elementalist) comes into view.
Hipnos's ghost is nearby!
Hipnos's ghost turns its malevolent gaze towards you.
You see here a poisoned needle.
Hipnos's ghost barely misses you.
You see here a club.
Hipnos's ghost gestures at you while chanting.
The stone arrow hits you!
* * * LOW HITPOINT WARNING * * *
Hipnos's ghost casts a spell at you. The stone arrow hits you!
You die...

..#######.# #.###..###.#
#.# #.# #.(.)(.....# ..#
#.# ##.##.(#.### #.# #.#
# ##.##)(# #
..#######.###.##.#.#..#
...))...........###W..#
#########.###.##.#.##.#.#
##### #.# #...........#
....#####.# ####@.#######
###.......######..# #
#######.........# #
#.######.## # #.# #.# .
#.# #.# .# #.# #.# .# #..
#.# .# ### #.#


You could see Hipnos's ghost.

Vanquished Creatures
  6 adders (D:2)
  3 dart slugs
  2 giant geckos
  An orc (D:3)
  9 bats
  7 giant cockroaches
  8 goblins
  9 hobgoblins
  5 jackals
  2 ball pythons
  4 giant newts
  12 kobolds
  10 rats
78 creatures vanquished.

Notes
Turn   | Place    | Note
--------------------------------------------------------------
     0 | D:1      | georgeearnest the Demonspawn Gladiator began the quest for the Orb.
     0 | D:1      | Reached XP level 1. HP: 16/16 MP: 1/1
   504 | D:1      | Gained mutation: You sometimes gain a little power by taking damage. [demonic ancestry]
   504 | D:1      | Reached XP level 2. HP: 13/22 MP: 2/2
  1592 | D:1      | Reached skill level 1 in Armour
  1660 | D:1      | Gained mutation: When hurt, damage is shared between your health and your magic reserves. [demonic ancestry]
  1660 | D:1      | Reached XP level 3. HP: 27/27 MP: 3/3
  2613 | D:2      | Gained mutation: You have large cloven feet. [demonic ancestry]
  2613 | D:2      | Reached XP level 4. HP: 21/34 MP: 4/4
  3712 | D:3      | Gained mutation: You sometimes gain power by taking damage. [demonic ancestry]
  3712 | D:3      | Reached XP level 5. HP: 39/39 MP: 5/5
  3858 | D:3      | Noticed Hipnos's ghost (amateur GrEE)
  3866 | D:3      | Killed from afar by Hipnos's ghost

Skill      XL: |  1  2  3 |
---------------+----------+-----
Dodging        | 3 |  3.6
Armour         | 1 |  1.8
Axes           | 3 |  3.6
Fighting       | |  2.6
Throwing       | |  1.7
Stealth        | |  0.4

Action                   |  1- 3 |  4- 6 || total
-------------------------+-------+-------++-------
Melee: War axe           |   182 |   124 ||   306
       Kick              |       |    25 ||    25
  Eat: Bread ration      |     1 |     2 ||     3
Armor: Leather armour    |    53 |       ||    53
       Plate armour      |    80 |   118 ||   198
Dodge: Dodged            |   151 |    60 ||   211
